 Dungeon Crawl Stone Soup version 0.29.1-15-g9cfb28693d (webtiles) character file.

Game seed: 13114682072328255514

3050 KamiKatze the Thaumaturge (level 9, -7/46 HPs)
             Began as a Deep Elf Conjurer on May 2, 2023.
             Shot with a sling bullet by Joseph (9 damage)
             ... on level 8 of the Dungeon.
             The game lasted 00:23:30 (7718 turns).

KamiKatze the Thaumaturge (Deep Elf Conjurer)       Turns: 7718, Time: 00:23:31

Health: -7/46      AC:  4    Str:  4    XL:     9   Next: 57%
Magic:  29/32      EV: 13    Int: 28    God:
Gold:   344        SH:  0    Dex: 13    Spells: 14/25 levels left

rFire   . . .      SeeInvis .   a - +8 short sword of Indignation {drain, +Blink}
rCold   . . .      Faith    .   (no shield)
rNeg    . . .      Spirit   .   e - +0 robe
rPois   .          Reflect  .   (no helmet)
rElec   .          Harm     .   (no cloak)
rCorr   .          Rampage  .   c - +0 pair of gloves
Will    .....                   L - +0 pair of boots
Stlth   ++........              q - amulet of the acrobat
HPRegen 0.15/turn               y - ring of magical power
MPRegen 0.23/turn               (no ring)

@: no status effects
A: no striking features
a: Evoke Blink


You were on level 8 of the Dungeon.
You visited 2 branches of the dungeon, and saw 9 of its levels.

You collected 344 gold pieces.

Inventory:

Hand Weapons
 a - the +8 short sword of Indignation (weapon) {drain, +Blink}
   (You found it on level 5 of the Dungeon)

   A truly terrible weapon, it drains the life of any living foe it strikes.
   +Blink:    It lets you blink.
 w - a +2 short sword of venom
Missiles
 C - 3 atropa-tipped darts
 H - 3 curare-tipped darts
 I - 10 poisoned darts (quivered)
 N - a throwing net
Armour
 c - a +0 pair of gloves (worn)
 e - a +0 robe (worn)
 L - a +0 pair of boots (worn)
Jewellery
 q - an amulet of the acrobat (around neck)
 y - a ring of magical power (left hand)
 D - an amulet of regeneration
Wands
 F - a wand of roots (4)
 K - a wand of flame (5)
Scrolls
 d - 9 scrolls of identify {unknown}
 f - 4 scrolls of teleportation {unknown}
 g - a scroll of silence {unknown}
 h - 3 scrolls of fear {unknown}
 j - 4 scrolls of blinking {unknown}
 l - 2 scrolls of enchant weapon {unknown}
 n - 2 scrolls of brand weapon {unknown}
 o - a scroll of vulnerability {unknown}
 t - a scroll of noise {unknown}
 x - a scroll of butterflies {unknown}
 E - 3 scrolls of amnesia {unknown}
 G - a scroll of immolation {unknown}
 J - a scroll of magic mapping {unknown}
 M - a scroll of poison {unknown}
Potions
 b - 3 potions of magic
 i - 4 potions of flight {unknown}
 k - 2 potions of cancellation {unknown}
 m - 3 potions of heal wounds {unknown}
 p - a potion of lignification {unknown}
 r - a potion of ambrosia {unknown}
 s - a potion of brilliance {unknown}
 u - 3 potions of invisibility {unknown}
 v - a potion of attraction {unknown}
 z - 3 potions of curing
 A - 4 potions of haste {unknown}
 B - a potion of degeneration {unknown}


   Skills:
 + Level 0.6 Fighting
 - Level 2.0 Throwing
 + Level 3.2 Dodging
 + Level 3.3 Stealth
 * Level 8.7 Spellcasting
 * Level 8.3 Conjurations
 * Level 8.2 Hexes
 * Level 6.8 Translocations
 - Level 2.0 Evocations


You had 14 spell levels left.
You knew the following spells:

 Your Spells              Type           Power      Damage    Failure   Level
a - Magic Dart            Conj           100%       1d8       1%          1
b - Searing Ray           Conj           100%       2d8       1%          2
c - Fulminant Prism       Conj/Hex       27%        3d14      1%          4
d - Iskenderun's Mystic   Conj/Tloc      53%        2d11      1%          4

Your spell library contained the following spells:

 Spells                   Type           Power      Damage    Failure   Level
 Dazzling Flash           Conj/Hex       100%       N/A       1%          3
 Stone Arrow              Conj/Erth      70%        3d11      2%          3
 Animate Armour           Summ/Erth      24%        N/A       41%         4
 Lehudib's Crystal Spear  Conj/Erth      17%        10d5      100%        8


Dungeon Overview and Level Annotations

Branches:
Dungeon (8/15)             Temple (1/1) D:6
   Lair: D:8-11

Altars:
Ashenzari
Cheibriados
Dithmenos
Elyvilon
Fedhas
Hepliaklqana
Kikubaaqudgha
Makhleb
Nemelex Xobeh
Okawaru
Qazlal
Sif Muna
Trog
Uskayaw
Wu Jian
Xom
Yredelemnul
Zin
The Shining One

Shops:
D:7 [

Annotations:
D:8 Joseph


Message History

Your Hexes skill increases to level 8!
Unknown command.
Unknown command.
Joseph shoots a sling bullet.
The sling bullet barely misses you.
You climb upwards.
There is a stone staircase leading down here.
You start resting.
Magic restored.
You climb downwards.
Level annotation: Joseph Joseph shoots a sling bullet.
The sling bullet hits you!! The sling bullet freezes you.
The orc warrior shouts!
There is a stone staircase leading up, spattered with blood here.
Unknown command.
Casting: Searing Ray (safe; 1% risk of failure)
Confirm with . or Enter, or press ? or * to list all spells.
Aiming: Fulminant Prism (dangerous; 1% risk of failure)
Press: ? - help, Dir - move target
Okay, then.
Casting: Fulminant Prism (dangerous; 1% risk of failure)
Confirm with . or Enter, or press ? or * to list all spells.
Aiming: Fulminant Prism (dangerous; 1% risk of failure)
Press: ? - help, Dir - move target You conjure a prism of explosive energy!
A fulminant prism comes into view.
Unknown command.
Your fulminant prism crackles loudly.
Joseph shoots a sling bullet.
The sling bullet closely misses you.
The orc warrior hits your fulminant prism with a +0 battleaxe!
Joseph shoots a sling bullet.
The sling bullet barely misses you.
Your fulminant prism explodes!
The blast of energy engulfs the orc warrior!!!
You kill the orc warrior!
The blast of energy engulfs Joseph!
Joseph is moderately wounded.
Joseph shoots a sling bullet.
The sling bullet hits you!!
* * * LOW HITPOINT WARNING * * *
The sling bullet freezes you!
You die...

= # # ### # ###
#.. .# ..
##(##.#### #
######.[.)#..@.
.....)......).>
#o@.# ...o.
###.# ##### .#
.# .# .# (# <#


You could see Joseph and an orc.

Vanquished Creatures
  Maurice (D:8)
  Psyche (D:8)
  Prince Ribbit (D:8)
  A wyvern (D:7)
  A shadow (D:6)
  A steam dragon (D:6)
  An orc warrior (D:8)
  3 centaurs
  2 ogres
  A phantom (D:5)
  3 scorpions (D:5)
  4 bullfrogs
  A howler monkey (D:5)
  A gnoll bouda (D:7)
  3 hounds
  3 orc priests
  6 jellies
  3 iguanas
  Ijyb (D:4)
  5 orc wizards
  5 gnolls (D:7)
  4 adders
  An ufetubus (D:7)
  5 dart slugs
  23 orcs
  7 ball pythons
  4 bats
  4 endoplasms
  5 giant cockroaches
  5 goblins
  13 hobgoblins
  12 jackals
  2 quokkas (D:1)
  2 frilled lizards (D:1)
  6 kobolds
  7 rats
148 creatures vanquished.

Vanquished Creatures (others)
  24 fulminant prisms
24 creatures vanquished.

Grand Total: 172 creatures vanquished

Notes
Turn   | Place    | Note
-------+----------+-------------------------------------------
     0 | D:1      | KamiKatze the Deep Elf Conjurer began the quest for the
                  | Orb.
     0 | D:1      | Reached XP level 1. HP: 10/10 MP: 6/6
   276 | D:1      | Reached XP level 2. HP: 15/15 MP: 2/8
   279 | D:1      | Learned a level 2 spell: Searing Ray
   361 | D:1      | Reached skill level 1 in Hexes
   698 | D:1      | Reached XP level 3. HP: 19/19 MP: 7/9
   745 | D:1      | Noticed an eye of devastation
   747 | D:1      | Found a faded altar of an unknown god.
   751 | D:1      | Noticed an eye of devastation
   751 | D:1      | Noticed an eye of devastation
   751 | D:1      | Noticed an eye of devastation
  1086 | D:2      | Reached skill level 1 in Translocations
  1351 | D:2      | Reached skill level 1 in Throwing
  1351 | D:2      | Reached skill level 1 in Evocations
  1829 | D:3      | Reached XP level 4. HP: 24/24 MP: 7/11
  1834 | D:3      | Learned a level 4 spell: Fulminant Prism
  2097 | D:3      | Reached XP level 5. HP: 28/28 MP: 7/12
  2103 | D:3      | Learned a level 4 spell: Iskenderun's Mystic Blast
  2365 | D:4      | Reached skill level 5 in Conjurations
  3108 | D:4      | Noticed Ijyb
  3122 | D:4      | Killed Ijyb
  3262 | D:5      | Entered Level 5 of the Dungeon
  3275 | D:5      | Reached XP level 6. HP: 28/32 MP: 14/14
  3454 | D:5      | Found a basalt altar of Yredelemnul.
  3651 | D:5      | Found a blossoming altar of Fedhas.
  3741 | D:5      | Identified the +8 short sword of Indignation {drain,
                  | +Blink}
  3969 | D:5      | Reached skill level 5 in Spellcasting
  3969 | D:5      | Reached XP level 7. HP: 28/36 MP: 16/16
  4778 | D:6      | Reached skill level 5 in Hexes
  4919 | D:6      | Noticed a steam dragon
  4928 | D:6      | Found an ornate altar of the Wu Jian Council.
  5062 | D:6      | Reached XP level 8. HP: 39/41 MP: 19/19
  5647 | D:6      | Reached skill level 5 in Translocations
  5653 | D:6      | Found a shimmering altar of Xom.
  5679 | D:6      | Found a sparkling altar of Nemelex Xobeh.
  5736 | D:6      | Found a staircase to the Ecumenical Temple.
  5745 | Temple   | Entered the Ecumenical Temple
  6331 | D:7      | Found Rykiomm's Antique Armour Emporium.
  6410 | D:7      | Found a broken altar of Ashenzari.
  7238 | D:8      | Noticed Joseph
  7238 | D:8      | Noticed Maurice
  7241 | D:8      | Reached XP level 9. HP: 33/45 MP: 22/22
  7440 | D:8      | Noticed Psyche
  7443 | D:8      | Noticed Prince Ribbit
  7444 | D:8      | Killed Psyche
  7510 | D:8      | Killed Prince Ribbit
  7640 | D:8      | Killed Maurice
  7718 | D:8      | HP: 2/46 [Joseph/sling bullet (21)]
  7718 | D:8      | Shot with a sling bullet by Joseph

Illustrated notes

Levels and vault maps discovered:
D:1:      minmay_arrival_radiant_lines, layout_basic,
          hellmonk_ecumenical_altar_watching_god
D:2:      layout_rooms, kennysheep_path_1, minmay_misc_feat_four_crosses,
          serial_bayou_lake_a
D:3:      layout_rooms, chequers_serial_rivers_micro_e
D:4:      layout_loops_ring, bh_walls_and_bars, uniq_ijyb
D:5:      kennysheep_six_static_rooms, layout_layer_cave,
          mainiacjoe_overflow_six_doors_small, fedhas_altar_2
D:6:      layout_loops_ring, overflow_temple_1_default,
          mainiacjoe_overflow_catch_the_wave, minmay_temple_entry_proselytizer,
          minmay_misc_feat_square
D:7:      layout_layer_cave, nicolae_ashenzari_panopticon, serial_shops, shop
D:8:      layout_loops_ring, serial_shops, shop, nicolae_shop_trees,
          nicolae_diamond_shop, kennysheep_crisscross, hex_tiny, uniq_joseph,
          uniq_prince_ribbit1, uniq_maggie, uniq_maurice, uniq_psyche
Temple:   compressed_dpeg_triangle_lava_temple

Skill      XL: |  1  2  3  4  5  6  7  8  9 |
---------------+----------------------------+-----
Hexes          | 1 2 4 5 7 8 |  8.2
Translocations | 1 2 3 4 5 6 |  6.8
Throwing       | 1 2 |  2.0
Evocations     | 1 2 |  2.0
Stealth        | 3 |  3.3
Dodging        | 3 |  3.2
Conjurations   | 5 6 7 8 |  8.3
Spellcasting   | 4 5 6 7 8 |  8.7
Fighting       | |  0.6

Action                   |  1- 3 |  4- 6 |  7- 9 || total
-------------------------+-------+-------+-------++-------
Melee: Short sword       |     7 |     3 |     2 ||    12
 Cast: Magic Dart        |    81 |    60 |    14 ||   155
       Searing Ray       |       |    17 |    22 ||    39
       Fulminant Prism   |       |     1 |    23 ||    24
       Iskenderun's Myst |       |       |    20 ||    20
  Use: Potion            |       |       |     1 ||     1
 Stab: Sleeping          |     1 |     1 |       ||     2
Armor: Robe              |     1 |     7 |     1 ||     9
Dodge: Dodged            |     5 |    27 |    26 ||    58
